[ AOE2 MATCH · #467847287 ]
UnrankedPersians vs Aztecs
[ REPLAY ANALYSIS · EXTRACTED FROM THE RECORDED GAME ]
Feudal
11:19
Castle
14:38
Imperial
28:29
| APM avg | 54.8 |
| APM peak | 90 |
| eAPM avg | 29.5 |
| Villagers / military | 172 / 91 |
Focus
⚔️ 26.0% · 🌾 74.0%
Scout Cavalry ×59 · Hand Cannoneer ×20 · Fishing Ship ×15 · Mangonel ×4 · Scorpion ×3 · Bombard Cannon ×3
Feudal
11:38
Castle
15:45
Imperial
30:10
| APM avg | 21.3 |
| APM peak | 41 |
| eAPM avg | 12.6 |
| Villagers / military | 95 / 17 |
Focus
⚔️ 12.1% · 🌾 87.9%
Monk ×14 · Spearman ×2 · Mangonel ×1
Feudal
19:49
Castle
23:24
Imperial
33:59
| APM avg | 40.8 |
| APM peak | 67 |
| eAPM avg | 24.5 |
| Villagers / military | 119 / 41 |
Focus
⚔️ 22.0% · 🌾 78.0%
Berserk ×31 · Fishing Ship ×22 · Militia ×10 · Trade Cart ×8
Feudal
15:58
Castle
21:46
Imperial
32:28
| APM avg | 36.3 |
| APM peak | 75 |
| eAPM avg | 22.8 |
| Villagers / military | 146 / 13 |
Focus
⚔️ 17.3% · 🌾 82.7%
Battle Elephant ×13 · Fishing Ship ×9
Feudal
12:32
Castle
17:31
Imperial
30:14
| APM avg | 26.7 |
| APM peak | 45 |
| eAPM avg | 20.8 |
| Villagers / military | 113 / 89 |
Focus
⚔️ 28.1% · 🌾 71.9%
Arambai ×73 · Monk ×12 · Trebuchet (Packed) ×4
Feudal
20:54
Castle
35:21
Imperial
—
| APM avg | 40.2 |
| APM peak | 96 |
| eAPM avg | 19.4 |
| Villagers / military | 59 / 0 |
Focus
⚔️ 23.5% · 🌾 76.5%
Fishing Ship ×7
Feudal
11:49
Castle
15:37
Imperial
27:59
| APM avg | 52.2 |
| APM peak | 85 |
| eAPM avg | 32.9 |
| Villagers / military | 160 / 133 |
Focus
⚔️ 26.6% · 🌾 73.4%
Elephant Archer ×105 · Armored Elephant ×16 · Fishing Ship ×12 · Trebuchet (Packed) ×10 · Monk ×1 · Bombard Cannon ×1
Feudal
11:12
Castle
14:43
Imperial
29:06
| APM avg | 63.6 |
| APM peak | 142 |
| eAPM avg | 40.6 |
| Villagers / military | 247 / 221 |
Focus
⚔️ 29.8% · 🌾 70.2%
Cavalry Archer ×122 · Scout Cavalry ×88 · Bombard Cannon ×9 · Monk ×2
Match map
Initial resources + every placement click. Lines = walls · curves = elevation contours. ◆ gold · ⬟ stone · ● berries · ✦ relic · ◌ wall gap
Inputs per minute
— 佐久奈·梅墨瓦 - - megchelse
Build order — 佐久奈·梅墨瓦
First 150 of 572 actions detected
| 0:01 | Create | Villager (Male) |
| 0:01 | Create | Villager (Male) |
| 0:01 | Create | Villager (Male) |
| 0:02 | Build | House |
| 0:04 | Build | House |
| 0:11 | Create | Villager (Male) |
| 0:12 | Create | Villager (Male) |
| 0:12 | Create | Villager (Male) |
| 0:12 | Create | Villager (Male) |
| 1:37 | Create | Villager (Male) |
| 1:37 | Create | Villager (Male) |
| 1:43 | Build | Lumber Camp |
| 2:01 | Create | Villager (Male) |
| 2:01 | Create | Villager (Male) |
| 2:19 | Create | Villager (Male) |
| 2:19 | Create | Villager (Male) |
| 2:42 | Create | Villager (Male) |
| 2:42 | Create | Villager (Male) |
| 3:15 | Create | Villager (Male) |
| 3:15 | Create | Villager (Male) |
| 3:15 | Create | Villager (Male) |
| 3:20 | Build | Dock |
| 3:27 | Create | Villager (Male) |
| 3:32 | Build | House |
| 3:55 | Build | House |
| 4:07 | Create | Villager (Male) |
| 4:07 | Create | Villager (Male) |
| 4:36 | Create | Villager (Male) |
| 4:50 | Build | House |
| 4:52 | Create | Fishing Ship |
| 4:52 | Create | Fishing Ship |
| 4:52 | Create | Fishing Ship |
| 5:23 | Build | House |
| 5:24 | Create | Villager (Male) |
| 5:25 | Create | Villager (Male) |
| 5:25 | Create | Villager (Male) |
| 5:54 | Create | Villager (Male) |
| 5:54 | Create | Villager (Male) |
| 5:59 | Create | Fishing Ship |
| 6:32 | Create | Villager (Male) |
| 6:37 | Build | Mill |
| 6:52 | Create | Villager (Male) |
| 6:56 | Create | Fishing Ship |
| 6:57 | Create | Fishing Ship |
| 7:37 | Create | Villager (Male) |
| 7:38 | Create | Villager (Male) |
| 7:56 | Create | Fishing Ship |
| 8:21 | Create | Villager (Male) |
| 8:32 | Create | Villager (Male) |
| 8:42 | Build | Mining Camp |
| 9:15 | Research | Feudal Age |
| 9:15 | Research | Feudal Age |
| 9:16 | Research | Feudal Age |
| 9:39 | Build | Mill |
| 10:07 | Create | Villager (Male) |
| 10:07 | Create | Villager (Male) |
| 10:11 | Create | Fishing Ship |
| 11:19 | Age | Feudal Age |
| 11:23 | Build | Market |
| 11:25 | Build | Blacksmith |
| 12:12 | Research | Castle Age |
| 12:13 | Research | Castle Age |
| 12:13 | Research | Castle Age |
| 12:30 | Research | Double-Bit Axe |
| 12:31 | Research | Double-Bit Axe |
| 13:19 | Build | Fish Trap |
| 13:23 | Build | Fish Trap |
| 13:26 | Build | Fish Trap |
| 13:27 | Build | Fish Trap |
| 13:29 | Build | Fish Trap |
| 14:10 | Research | Tech 906 |
| 14:12 | Create | Fishing Ship |
| 14:36 | Create | Villager (Male) |
| 14:38 | Age | Castle Age |
| 14:47 | Build | Town Center |
| 14:57 | Create | Villager (Male) |
| 15:10 | Build | House |
| 15:21 | Build | House |
| 15:31 | Build | House |
| 15:38 | Create | Villager (Male) |
| 15:38 | Create | Villager (Male) |
| 15:38 | Create | Villager (Male) |
| 15:38 | Create | Villager (Male) |
| 15:46 | Build | House |
| 15:49 | Build | House |
| 16:01 | Build | Siege Workshop |
| 16:02 | Create | Villager (Male) |
| 16:08 | Build | Fish Trap |
| 16:08 | Create | Villager (Male) |
| 16:08 | Create | Villager (Male) |
| 16:11 | Create | Villager (Male) |
| 16:12 | Create | Villager (Male) |
| 16:12 | Create | Villager (Male) |
| 16:26 | Build | House |
| 16:27 | Create | Villager (Male) |
| 16:45 | Create | Villager (Male) |
| 16:45 | Create | Villager (Male) |
| 16:52 | Create | Villager (Male) |
| 16:54 | Build | House |
| 16:58 | Create | Villager (Male) |
| 17:02 | Build | House |
| 17:07 | Create | Mangonel |
| 17:07 | Create | Mangonel |
| 17:12 | Research | Bow Saw |
| 17:12 | Research | Bow Saw |
| 17:12 | Research | Bow Saw |
| 17:15 | Create | Fishing Ship |
| 17:27 | Create | Villager (Male) |
| 17:31 | Build | Palisade Wall |
| 17:33 | Build | Palisade Wall |
| 17:36 | Create | Villager (Male) |
| 17:52 | Create | Villager (Male) |
| 17:54 | Build | Town Center |
| 18:01 | Create | Villager (Male) |
| 18:03 | Build | Fish Trap |
| 18:06 | Build | House |
| 18:12 | Build | Farm |
| 18:16 | Research | Horse Collar |
| 18:16 | Research | Horse Collar |
| 18:22 | Create | Villager (Male) |
| 18:22 | Create | Villager (Male) |
| 18:23 | Build | House |
| 18:42 | Create | Villager (Male) |
| 18:42 | Create | Villager (Male) |
| 18:46 | Build | House |
| 18:52 | Build | Farm |
| 18:52 | Build | Farm |
| 18:54 | Build | Farm |
| 18:55 | Create | Villager (Male) |
| 19:07 | Build | Farm |
| 19:07 | Build | Farm |
| 19:08 | Build | Farm |
| 19:08 | Build | Farm |
| 19:17 | Build | House |
| 19:18 | Build | House |
| 19:21 | Create | Villager (Male) |
| 19:21 | Create | Villager (Male) |
| 19:21 | Create | Villager (Male) |
| 19:21 | Create | Villager (Male) |
| 19:23 | Build | House |
| 19:29 | Create | Villager (Male) |
| 19:29 | Create | Fishing Ship |
| 19:37 | Build | Farm |
| 19:40 | Build | Farm |
| 19:41 | Create | Villager (Male) |
| 19:41 | Create | Villager (Male) |
| 19:41 | Create | Villager (Male) |
| 19:49 | Create | Villager (Male) |
| 19:49 | Create | Villager (Male) |
| 19:49 | Create | Villager (Male) |
Build order — megchelse
First 150 of 234 actions detected
| 0:03 | Create | Villager (Male) |
| 0:03 | Create | Villager (Male) |
| 0:04 | Create | Villager (Male) |
| 0:05 | Build | House |
| 0:06 | Build | House |
| 0:12 | Create | Villager (Male) |
| 0:12 | Create | Villager (Male) |
| 1:27 | Create | Villager (Male) |
| 1:28 | Create | Villager (Male) |
| 1:52 | Build | Lumber Camp |
| 2:09 | Create | Villager (Male) |
| 2:10 | Create | Villager (Male) |
| 2:10 | Create | Villager (Male) |
| 2:53 | Create | Villager (Male) |
| 2:54 | Create | Villager (Male) |
| 3:05 | Create | Villager (Male) |
| 3:05 | Create | Villager (Male) |
| 3:29 | Build | House |
| 4:17 | Create | Villager (Male) |
| 4:17 | Create | Villager (Male) |
| 4:22 | Build | House |
| 4:31 | Create | Villager (Male) |
| 4:32 | Create | Villager (Male) |
| 5:38 | Create | Villager (Male) |
| 5:38 | Create | Villager (Male) |
| 5:38 | Create | Villager (Male) |
| 6:08 | Create | Villager (Male) |
| 6:09 | Create | Villager (Male) |
| 6:31 | Build | Mill |
| 7:28 | Create | Villager (Male) |
| 7:29 | Create | Villager (Male) |
| 7:47 | Build | Mill |
| 8:07 | Create | Villager (Male) |
| 8:08 | Create | Villager (Male) |
| 8:55 | Build | House |
| 9:28 | Research | Feudal Age |
| 9:28 | Research | Feudal Age |
| 9:35 | Build | Mining Camp |
| 11:20 | Create | Villager (Male) |
| 11:38 | Age | Feudal Age |
| 11:44 | Build | Market |
| 11:49 | Build | Blacksmith |
| 11:51 | Create | Villager (Male) |
| 13:01 | Build | Mill |
| 13:05 | Research | Castle Age |
| 13:33 | Build | Farm |
| 13:34 | Build | Farm |
| 13:34 | Build | Farm |
| 13:53 | Build | Farm |
| 13:57 | Build | Farm |
| 14:11 | Build | Farm |
| 14:45 | Research | Double-Bit Axe |
| 14:46 | Research | Horse Collar |
| 15:07 | Create | Villager (Male) |
| 15:07 | Create | Villager (Male) |
| 15:45 | Age | Castle Age |
| 15:53 | Build | Town Center |
| 15:56 | Create | Villager (Male) |
| 16:44 | Build | Town Center |
| 16:59 | Create | Villager (Male) |
| 16:59 | Create | Villager (Male) |
| 17:21 | Build | Monastery |
| 17:29 | Create | Villager (Male) |
| 18:04 | Create | Villager (Male) |
| 18:07 | Create | Villager (Male) |
| 18:14 | Research | Heavy Plow |
| 18:17 | Research | Bow Saw |
| 19:02 | Create | Villager (Male) |
| 19:03 | Create | Villager (Male) |
| 19:04 | Create | Villager (Male) |
| 19:08 | Research | Gold Mining |
| 19:32 | Build | Monastery |
| 19:46 | Create | Villager (Male) |
| 19:47 | Create | Villager (Male) |
| 19:48 | Create | Villager (Male) |
| 19:57 | Create | Monk |
| 20:34 | Create | Monk |
| 20:38 | Build | House |
| 20:39 | Build | House |
| 20:47 | Create | Villager (Male) |
| 20:48 | Create | Villager (Male) |
| 20:49 | Create | Villager (Male) |
| 21:12 | Build | Monastery |
| 21:15 | Build | Farm |
| 21:16 | Build | Farm |
| 21:16 | Build | Farm |
| 21:16 | Build | Farm |
| 21:17 | Build | Farm |
| 21:17 | Build | Farm |
| 21:17 | Build | Farm |
| 21:20 | Create | Villager (Male) |
| 21:36 | Research | Redemption |
| 21:49 | Build | Monastery |
| 21:51 | Create | Monk |
| 22:04 | Create | Monk |
| 22:07 | Create | Villager (Male) |
| 22:08 | Create | Villager (Male) |
| 22:10 | Create | Villager (Male) |
| 22:32 | Research | Fervor |
| 22:45 | Build | Mining Camp |
| 22:47 | Create | Monk |
| 22:55 | Create | Villager (Male) |
| 22:56 | Create | Villager (Male) |
| 22:57 | Create | Villager (Male) |
| 22:58 | Build | House |
| 22:59 | Build | House |
| 23:40 | Create | Monk |
| 23:41 | Create | Monk |
| 23:49 | Create | Villager (Male) |
| 23:50 | Create | Villager (Male) |
| 23:51 | Create | Villager (Male) |
| 24:11 | Create | Villager (Male) |
| 24:12 | Create | Villager (Male) |
| 24:12 | Create | Villager (Male) |
| 24:43 | Create | Villager (Male) |
| 24:44 | Create | Villager (Male) |
| 24:45 | Create | Villager (Male) |
| 24:48 | Create | Villager (Male) |
| 24:52 | Build | House |
| 24:52 | Build | House |
| 25:24 | Create | Villager (Male) |
| 25:25 | Create | Villager (Male) |
| 25:26 | Create | Villager (Male) |
| 25:33 | Build | Siege Workshop |
| 25:43 | Build | Mill |
| 25:43 | Build | Farm |
| 25:44 | Build | Farm |
| 25:44 | Build | Farm |
| 25:44 | Build | Farm |
| 25:45 | Build | Farm |
| 25:45 | Build | Farm |
| 25:45 | Build | Farm |
| 26:15 | Create | Villager (Male) |
| 26:16 | Create | Villager (Male) |
| 26:17 | Create | Villager (Male) |
| 26:48 | Build | Farm |
| 27:00 | Research | Imperial Age |
| 27:11 | Create | Monk |
| 27:11 | Create | Monk |
| 27:48 | Create | Villager (Male) |
| 27:48 | Create | Villager (Male) |
| 27:48 | Create | Villager (Male) |
| 27:49 | Create | Villager (Male) |
| 27:49 | Create | Villager (Male) |
| 28:23 | Build | Mining Camp |
| 28:51 | Build | Mill |
| 28:51 | Build | Farm |
| 28:52 | Build | Farm |
| 28:52 | Build | Farm |
| 28:52 | Build | Farm |
Build order — Ceeelebrate
First 150 of 387 actions detected
| 0:01 | Create | Villager (Male) |
| 0:01 | Create | Villager (Male) |
| 0:02 | Build | House |
| 0:03 | Build | House |
| 0:07 | Create | Villager (Male) |
| 0:07 | Create | Villager (Male) |
| 1:03 | Build | Palisade Wall |
| 1:14 | Research | Loom |
| 1:16 | Create | Villager (Male) |
| 1:16 | Create | Villager (Male) |
| 1:32 | Create | Villager (Male) |
| 1:32 | Create | Villager (Male) |
| 2:11 | Create | Villager (Male) |
| 2:11 | Create | Villager (Male) |
| 2:28 | Create | Villager (Male) |
| 2:28 | Create | Villager (Male) |
| 2:48 | Create | Villager (Male) |
| 2:48 | Create | Villager (Male) |
| 3:38 | Create | Villager (Male) |
| 3:38 | Create | Villager (Male) |
| 3:38 | Create | Villager (Male) |
| 3:40 | Build | House |
| 3:41 | Build | House |
| 4:18 | Build | House |
| 4:33 | Build | Palisade Wall |
| 4:38 | Create | Villager (Male) |
| 4:38 | Create | Villager (Male) |
| 5:25 | Create | Villager (Male) |
| 5:26 | Create | Villager (Male) |
| 6:10 | Create | Villager (Male) |
| 6:55 | Create | Villager (Male) |
| 6:55 | Create | Villager (Male) |
| 6:59 | Create | Villager (Male) |
| 6:59 | Create | Villager (Male) |
| 7:07 | Build | Palisade Wall |
| 7:28 | Create | Villager (Male) |
| 7:49 | Create | Villager (Male) |
| 8:18 | Create | Villager (Male) |
| 8:18 | Create | Villager (Male) |
| 8:43 | Build | Palisade Wall |
| 8:46 | Create | Villager (Male) |
| 8:57 | Create | Villager (Male) |
| 9:22 | Create | Villager (Male) |
| 9:26 | Create | Villager (Male) |
| 9:34 | Build | Lumber Camp |
| 9:35 | Create | Villager (Male) |
| 9:39 | Build | Palisade Wall |
| 9:44 | Build | Palisade Wall |
| 9:51 | Build | Palisade Wall |
| 10:18 | Create | Villager (Male) |
| 10:33 | Build | Lumber Camp |
| 10:36 | Create | Villager (Male) |
| 10:53 | Build | Palisade Wall |
| 10:55 | Build | Palisade Wall |
| 11:15 | Create | Villager (Male) |
| 11:32 | Build | Dock |
| 11:36 | Create | Villager (Male) |
| 11:45 | Build | Palisade Wall |
| 11:46 | Build | Palisade Wall |
| 12:05 | Create | Villager (Male) |
| 12:11 | Create | Villager (Male) |
| 12:18 | Build | Palisade Wall |
| 12:51 | Build | House |
| 12:52 | Build | House |
| 12:59 | Build | Mill |
| 13:13 | Build | Mining Camp |
| 13:21 | Create | Fishing Ship |
| 13:21 | Create | Fishing Ship |
| 13:31 | Build | Mill |
| 13:37 | Build | Palisade Wall |
| 14:07 | Create | Villager (Male) |
| 14:08 | Create | Villager (Male) |
| 14:10 | Create | Fishing Ship |
| 14:27 | Create | Villager (Male) |
| 14:45 | Create | Fishing Ship |
| 14:58 | Create | Villager (Male) |
| 15:16 | Create | Villager (Male) |
| 15:19 | Create | Fishing Ship |
| 15:33 | Build | Mining Camp |
| 15:51 | Create | Villager (Male) |
| 16:02 | Create | Fishing Ship |
| 16:16 | Create | Villager (Male) |
| 16:18 | Build | House |
| 17:00 | Create | Villager (Male) |
| 17:06 | Create | Fishing Ship |
| 17:11 | Build | Dock |
| 17:15 | Create | Villager (Male) |
| 17:32 | Build | House |
| 17:39 | Research | Feudal Age |
| 17:39 | Research | Feudal Age |
| 17:42 | Create | Fishing Ship |
| 17:46 | Build | Outpost |
| 17:48 | Build | Outpost |
| 17:56 | Create | Villager (Male) |
| 18:24 | Build | Lumber Camp |
| 18:25 | Create | Fishing Ship |
| 18:26 | Create | Fishing Ship |
| 18:28 | Create | Villager (Male) |
| 19:49 | Age | Feudal Age |
| 19:51 | Build | Market |
| 19:53 | Build | Blacksmith |
| 19:55 | Research | Double-Bit Axe |
| 20:34 | Create | Villager (Male) |
| 20:37 | Build | Fish Trap |
| 20:42 | Research | Castle Age |
| 21:12 | Build | Barracks |
| 21:13 | Build | Barracks |
| 21:17 | Build | Fish Trap |
| 21:23 | Create | Villager (Male) |
| 21:42 | Build | Fish Trap |
| 21:44 | Create | Villager (Male) |
| 21:48 | Build | House |
| 21:52 | Build | House |
| 21:58 | Build | House |
| 22:11 | Build | Fish Trap |
| 22:21 | Build | Fish Trap |
| 22:24 | Build | Fish Trap |
| 22:28 | Build | Fish Trap |
| 22:31 | Build | Fish Trap |
| 22:38 | Build | Fish Trap |
| 22:42 | Create | Militia |
| 22:47 | Build | Outpost |
| 22:52 | Build | Outpost |
| 22:53 | Create | Villager (Male) |
| 23:02 | Create | Fishing Ship |
| 23:02 | Create | Fishing Ship |
| 23:24 | Age | Castle Age |
| 23:31 | Build | Outpost |
| 23:33 | Build | Outpost |
| 23:34 | Create | Villager (Male) |
| 23:35 | Create | Villager (Male) |
| 23:37 | Create | Fishing Ship |
| 23:37 | Create | Fishing Ship |
| 23:45 | Build | Fish Trap |
| 23:48 | Build | Fish Trap |
| 23:53 | Research | Bow Saw |
| 23:53 | Research | Bow Saw |
| 24:17 | Research | Man-at-Arms (upgrade) |
| 24:17 | Create | Militia |
| 24:18 | Create | Militia |
| 24:20 | Create | Villager (Male) |
| 24:42 | Build | House |
| 24:42 | Build | House |
| 24:43 | Build | House |
| 24:44 | Create | Villager (Male) |
| 24:44 | Create | Villager (Male) |
| 24:46 | Build | Lumber Camp |
| 25:02 | Create | Villager (Male) |
| 25:09 | Create | Villager (Male) |
| 25:09 | Create | Villager (Male) |
Build order — wxj9966
First 150 of 357 actions detected
| 0:01 | Create | Villager (Male) |
| 0:02 | Create | Villager (Male) |
| 0:02 | Create | Villager (Male) |
| 0:02 | Create | Villager (Male) |
| 0:03 | Build | House |
| 0:04 | Build | House |
| 1:12 | Research | Loom |
| 1:29 | Create | Villager (Male) |
| 2:07 | Create | Villager (Male) |
| 2:20 | Create | Villager (Male) |
| 3:33 | Create | Villager (Male) |
| 3:48 | Create | Villager (Male) |
| 4:42 | Create | Villager (Male) |
| 5:06 | Create | Villager (Male) |
| 5:27 | Create | Villager (Male) |
| 6:08 | Create | Villager (Male) |
| 6:28 | Build | House |
| 6:35 | Create | Villager (Male) |
| 6:37 | Create | Villager (Male) |
| 7:14 | Build | Lumber Camp |
| 7:16 | Create | Villager (Male) |
| 7:51 | Create | Villager (Male) |
| 8:03 | Create | Villager (Male) |
| 8:29 | Create | Villager (Male) |
| 8:32 | Build | House |
| 8:36 | Build | House |
| 9:03 | Create | Villager (Male) |
| 9:26 | Create | Villager (Male) |
| 9:45 | Build | Palisade Wall |
| 9:52 | Build | House |
| 9:57 | Create | Villager (Male) |
| 10:20 | Create | Villager (Male) |
| 10:41 | Build | Mill |
| 10:47 | Create | Villager (Male) |
| 10:51 | Build | Palisade Wall |
| 10:55 | Create | Villager (Male) |
| 11:21 | Build | Farm |
| 11:25 | Build | Dock |
| 11:32 | Create | Villager (Male) |
| 11:46 | Build | House |
| 11:52 | Build | Farm |
| 11:58 | Create | Villager (Male) |
| 12:08 | Build | House |
| 12:20 | Create | Fishing Ship |
| 12:27 | Create | Villager (Male) |
| 12:48 | Build | House |
| 12:52 | Build | Palisade Wall |
| 12:58 | Create | Villager (Male) |
| 13:10 | Create | Fishing Ship |
| 13:14 | Build | Farm |
| 13:23 | Create | Villager (Male) |
| 13:46 | Research | Feudal Age |
| 14:15 | Build | Mining Camp |
| 14:21 | Create | Fishing Ship |
| 14:23 | Build | Farm |
| 14:37 | Build | Palisade Wall |
| 14:40 | Build | Palisade Wall |
| 14:50 | Build | Farm |
| 14:51 | Build | Farm |
| 15:02 | Build | Palisade Wall |
| 15:27 | Create | Fishing Ship |
| 15:29 | Build | House |
| 15:35 | Build | Mill |
| 15:52 | Create | Villager (Male) |
| 15:53 | Create | Villager (Male) |
| 15:58 | Age | Feudal Age |
| 16:08 | Build | Stone Wall |
| 16:12 | Build | Farm |
| 16:14 | Build | Farm |
| 16:27 | Build | Stone Wall |
| 16:30 | Build | Stone Wall |
| 16:33 | Build | Farm |
| 16:44 | Create | Villager (Male) |
| 17:01 | Build | Stone Wall |
| 17:02 | Build | Stone Wall |
| 17:03 | Build | Stone Wall |
| 17:12 | Build | Mining Camp |
| 17:15 | Create | Villager (Male) |
| 17:28 | Create | Villager (Male) |
| 17:32 | Build | Market |
| 17:46 | Build | Outpost |
| 17:58 | Create | Villager (Male) |
| 18:38 | Build | Blacksmith |
| 18:41 | Create | Villager (Male) |
| 18:44 | Research | Double-Bit Axe |
| 19:04 | Research | Castle Age |
| 19:08 | Research | Horse Collar |
| 20:02 | Build | Stone Wall |
| 20:12 | Build | Fish Trap |
| 20:26 | Build | Fish Trap |
| 20:28 | Build | Fish Trap |
| 20:31 | Build | Fish Trap |
| 21:29 | Create | Villager (Male) |
| 21:29 | Create | Villager (Male) |
| 21:46 | Age | Castle Age |
| 21:48 | Build | Town Center |
| 22:01 | Build | Stone Wall |
| 22:14 | Build | Town Center |
| 22:30 | Research | Bow Saw |
| 22:32 | Create | Villager (Male) |
| 22:37 | Build | Farm |
| 22:41 | Create | Villager (Male) |
| 22:55 | Build | House |
| 22:56 | Research | Town Watch |
| 23:03 | Create | Villager (Male) |
| 23:04 | Create | Villager (Male) |
| 23:07 | Research | Tech 906 |
| 23:09 | Create | Villager (Male) |
| 23:17 | Build | House |
| 23:21 | Create | Villager (Male) |
| 23:22 | Create | Fishing Ship |
| 23:23 | Create | Villager (Male) |
| 23:33 | Create | Villager (Male) |
| 23:44 | Build | Town Center |
| 23:52 | Research | Wheelbarrow |
| 23:55 | Build | House |
| 23:55 | Create | Villager (Male) |
| 24:01 | Build | Farm |
| 24:02 | Create | Villager (Male) |
| 24:12 | Build | Fish Trap |
| 24:14 | Create | Fishing Ship |
| 24:16 | Create | Villager (Male) |
| 24:20 | Build | House |
| 24:24 | Build | Farm |
| 24:26 | Build | Farm |
| 24:27 | Create | Villager (Male) |
| 24:32 | Research | Stone Mining |
| 24:38 | Build | Farm |
| 24:39 | Create | Villager (Male) |
| 24:42 | Build | House |
| 24:43 | Create | Villager (Male) |
| 24:54 | Create | Villager (Male) |
| 24:59 | Build | Farm |
| 25:01 | Build | Fish Trap |
| 25:03 | Create | Fishing Ship |
| 25:04 | Create | Villager (Male) |
| 25:07 | Build | House |
| 25:15 | Create | Villager (Male) |
| 25:17 | Build | Farm |
| 25:26 | Create | Villager (Male) |
| 25:28 | Create | Villager (Male) |
| 25:30 | Build | Farm |
| 25:33 | Build | House |
| 25:42 | Create | Fishing Ship |
| 25:44 | Build | Fish Trap |
| 25:45 | Create | Villager (Male) |
| 25:49 | Build | Lumber Camp |
| 25:52 | Research | Gold Mining |
| 25:53 | Create | Villager (Male) |
| 25:55 | Build | House |
Build order — CristinaLover
First 150 of 319 actions detected
| 0:01 | Create | Villager (Male) |
| 0:01 | Create | Villager (Male) |
| 0:03 | Build | House |
| 0:04 | Build | House |
| 0:11 | Create | Villager (Male) |
| 0:12 | Create | Villager (Male) |
| 0:31 | Research | Loom |
| 0:36 | Create | Villager (Male) |
| 0:36 | Create | Villager (Male) |
| 1:09 | Build | Palisade Wall |
| 2:03 | Create | Villager (Male) |
| 2:04 | Create | Villager (Male) |
| 2:49 | Create | Villager (Male) |
| 2:49 | Create | Villager (Male) |
| 3:16 | Create | Villager (Male) |
| 3:16 | Create | Villager (Male) |
| 3:24 | Build | Lumber Camp |
| 3:47 | Create | Villager (Male) |
| 3:48 | Create | Villager (Male) |
| 4:08 | Create | Villager (Male) |
| 4:08 | Create | Villager (Male) |
| 4:44 | Create | Villager (Male) |
| 4:44 | Create | Villager (Male) |
| 5:04 | Build | House |
| 5:08 | Create | Villager (Male) |
| 5:32 | Create | Villager (Male) |
| 5:32 | Create | Villager (Male) |
| 6:08 | Create | Villager (Male) |
| 6:09 | Create | Villager (Male) |
| 6:15 | Build | House |
| 6:20 | Build | House |
| 6:21 | Build | Palisade Wall |
| 6:38 | Create | Villager (Male) |
| 6:38 | Create | Villager (Male) |
| 6:39 | Create | Villager (Male) |
| 7:05 | Create | Villager (Male) |
| 7:06 | Create | Villager (Male) |
| 7:28 | Build | Mill |
| 8:10 | Create | Villager (Male) |
| 8:10 | Create | Villager (Male) |
| 8:21 | Build | Palisade Wall |
| 8:56 | Build | Farm |
| 8:59 | Create | Villager (Male) |
| 9:26 | Create | Villager (Male) |
| 9:52 | Create | Villager (Male) |
| 10:22 | Research | Feudal Age |
| 10:22 | Research | Feudal Age |
| 10:58 | Build | Mining Camp |
| 12:32 | Age | Feudal Age |
| 12:35 | Create | Villager (Male) |
| 12:36 | Create | Villager (Male) |
| 12:47 | Build | Market |
| 13:06 | Create | Villager (Male) |
| 13:30 | Build | Blacksmith |
| 13:50 | Create | Villager (Male) |
| 14:11 | Build | Watch Tower |
| 14:18 | Create | Villager (Male) |
| 14:40 | Build | Stone Wall |
| 14:42 | Build | Stone Wall |
| 14:51 | Research | Castle Age |
| 14:52 | Research | Castle Age |
| 15:48 | Research | Horse Collar |
| 15:51 | Build | Farm |
| 15:52 | Build | Farm |
| 15:53 | Build | Farm |
| 15:57 | Build | Farm |
| 16:17 | Build | Farm |
| 17:23 | Build | House |
| 17:23 | Build | House |
| 17:25 | Build | House |
| 17:29 | Create | Villager (Male) |
| 17:31 | Age | Castle Age |
| 17:36 | Build | Town Center |
| 17:52 | Create | Villager (Male) |
| 17:57 | Research | Heavy Plow |
| 18:17 | Create | Villager (Male) |
| 18:21 | Build | Farm |
| 18:25 | Build | Farm |
| 18:26 | Create | Villager (Male) |
| 18:59 | Build | Monastery |
| 19:01 | Create | Villager (Male) |
| 19:08 | Create | Villager (Male) |
| 19:15 | Build | Farm |
| 19:28 | Create | Villager (Male) |
| 19:33 | Build | Farm |
| 19:35 | Build | Farm |
| 19:42 | Create | Monk |
| 19:59 | Build | Stone Wall |
| 20:04 | Create | Villager (Male) |
| 20:05 | Create | Villager (Male) |
| 20:09 | Build | Farm |
| 20:11 | Build | Farm |
| 20:16 | Build | Farm |
| 20:25 | Research | Wheelbarrow |
| 20:34 | Create | Villager (Male) |
| 20:35 | Create | Villager (Male) |
| 20:37 | Create | Monk |
| 20:58 | Create | Villager (Male) |
| 20:58 | Create | Villager (Male) |
| 21:05 | Build | Town Center |
| 21:13 | Build | Farm |
| 21:21 | Build | Farm |
| 21:22 | Create | Villager (Male) |
| 21:22 | Create | Villager (Male) |
| 21:31 | Build | House |
| 21:33 | Build | House |
| 21:39 | Build | House |
| 21:50 | Create | Villager (Male) |
| 21:55 | Research | Stone Mining |
| 22:07 | Create | Villager (Male) |
| 22:16 | Create | Villager (Male) |
| 22:19 | Build | Farm |
| 22:22 | Create | Villager (Male) |
| 22:27 | Create | Villager (Male) |
| 22:33 | Build | House |
| 22:38 | Create | Villager (Male) |
| 22:40 | Build | Farm |
| 22:42 | Build | Farm |
| 22:43 | Create | Villager (Male) |
| 22:49 | Build | House |
| 22:54 | Create | Villager (Male) |
| 22:59 | Build | Lumber Camp |
| 23:05 | Create | Villager (Male) |
| 23:08 | Build | Farm |
| 23:21 | Create | Villager (Male) |
| 23:26 | Build | Farm |
| 23:30 | Build | Farm |
| 23:31 | Create | Villager (Male) |
| 23:34 | Create | Villager (Male) |
| 23:42 | Create | Villager (Male) |
| 23:45 | Build | Farm |
| 23:52 | Create | Villager (Male) |
| 23:57 | Build | Farm |
| 24:01 | Research | Gold Mining |
| 24:02 | Create | Villager (Male) |
| 24:02 | Create | Villager (Male) |
| 24:09 | Create | Villager (Male) |
| 24:13 | Build | House |
| 24:14 | Build | House |
| 24:16 | Build | House |
| 24:18 | Create | Villager (Male) |
| 24:21 | Build | Farm |
| 24:25 | Build | Farm |
| 24:29 | Build | Farm |
| 24:34 | Build | Farm |
| 24:35 | Create | Villager (Male) |
| 24:36 | Create | Villager (Male) |
| 24:38 | Build | Farm |
| 24:40 | Create | Villager (Male) |
| 24:46 | Create | Villager (Male) |
Build order — Zacchaeus
First 150 of 166 actions detected
| 0:01 | Create | Villager (Male) |
| 0:01 | Create | Villager (Male) |
| 0:01 | Create | Villager (Male) |
| 0:02 | Build | House |
| 0:03 | Build | House |
| 0:30 | Create | Villager (Male) |
| 0:30 | Create | Villager (Male) |
| 1:24 | Build | Palisade Wall |
| 1:36 | Create | Villager (Male) |
| 1:36 | Create | Villager (Male) |
| 1:54 | Research | Loom |
| 1:55 | Research | Loom |
| 2:13 | Create | Villager (Male) |
| 2:14 | Create | Villager (Male) |
| 2:43 | Create | Villager (Male) |
| 2:43 | Create | Villager (Male) |
| 2:58 | Build | Palisade Wall |
| 3:24 | Build | Palisade Gate |
| 3:44 | Create | Villager (Male) |
| 3:44 | Create | Villager (Male) |
| 3:44 | Create | Villager (Male) |
| 4:11 | Build | Palisade Wall |
| 4:22 | Build | House |
| 4:36 | Create | Villager (Male) |
| 5:00 | Build | Palisade Wall |
| 5:02 | Build | Palisade Wall |
| 5:03 | Build | Palisade Wall |
| 6:21 | Build | Palisade Wall |
| 6:22 | Build | Palisade Wall |
| 6:24 | Build | Palisade Wall |
| 6:27 | Build | Palisade Wall |
| 6:45 | Build | Palisade Wall |
| 6:47 | Build | Palisade Wall |
| 7:06 | Create | Villager (Male) |
| 7:38 | Build | Palisade Wall |
| 7:42 | Build | Palisade Wall |
| 8:08 | Build | Palisade Wall |
| 8:31 | Create | Villager (Male) |
| 8:56 | Create | Villager (Male) |
| 8:57 | Create | Villager (Male) |
| 9:35 | Create | Villager (Male) |
| 9:35 | Create | Villager (Male) |
| 9:40 | Build | Palisade Wall |
| 9:51 | Create | Villager (Male) |
| 9:51 | Create | Villager (Male) |
| 9:58 | Create | Villager (Male) |
| 9:59 | Create | Villager (Male) |
| 10:50 | Create | Villager (Male) |
| 11:04 | Create | Villager (Male) |
| 11:38 | Build | Lumber Camp |
| 12:27 | Build | Palisade Wall |
| 12:28 | Build | Palisade Wall |
| 13:06 | Create | Villager (Male) |
| 13:09 | Build | Mill |
| 13:12 | Create | Villager (Male) |
| 13:44 | Build | Palisade Wall |
| 14:07 | Build | Palisade Wall |
| 14:14 | Create | Villager (Male) |
| 14:14 | Create | Villager (Male) |
| 14:29 | Create | Villager (Male) |
| 15:02 | Build | Mill |
| 15:23 | Build | Palisade Wall |
| 15:29 | Create | Villager (Male) |
| 15:45 | Build | Palisade Wall |
| 16:03 | Create | Villager (Male) |
| 16:26 | Create | Villager (Male) |
| 16:45 | Build | House |
| 16:50 | Create | Villager (Male) |
| 17:15 | Build | House |
| 17:18 | Create | Villager (Male) |
| 17:41 | Create | Villager (Male) |
| 18:02 | Build | Dock |
| 18:06 | Build | Dock |
| 18:13 | Create | Villager (Male) |
| 18:44 | Research | Feudal Age |
| 18:44 | Research | Feudal Age |
| 18:49 | Create | Fishing Ship |
| 20:24 | Build | Palisade Wall |
| 20:54 | Age | Feudal Age |
| 20:57 | Create | Villager (Male) |
| 21:15 | Create | Fishing Ship |
| 21:20 | Build | Mining Camp |
| 21:28 | Create | Villager (Male) |
| 21:34 | Build | Watch Tower |
| 21:46 | Build | Stone Wall |
| 21:56 | Create | Villager (Male) |
| 22:00 | Build | Mining Camp |
| 22:06 | Build | Mining Camp |
| 22:16 | Create | Villager (Male) |
| 22:19 | Create | Fishing Ship |
| 22:36 | Create | Villager (Male) |
| 22:50 | Research | Double-Bit Axe |
| 22:50 | Research | Double-Bit Axe |
| 22:55 | Build | House |
| 23:32 | Create | Villager (Male) |
| 23:33 | Build | Outpost |
| 23:36 | Research | Town Watch |
| 23:43 | Create | Villager (Male) |
| 23:50 | Create | Villager (Male) |
| 23:53 | Build | House |
| 24:07 | Build | House |
| 24:20 | Build | House |
| 24:55 | Create | Villager (Male) |
| 25:07 | Create | Fishing Ship |
| 25:15 | Research | Stone Mining |
| 25:15 | Research | Stone Mining |
| 25:38 | Build | Stone Wall |
| 25:50 | Create | Fishing Ship |
| 26:09 | Create | Villager (Male) |
| 26:42 | Build | Lumber Camp |
| 26:47 | Build | Lumber Camp |
| 27:02 | Create | Villager (Male) |
| 27:02 | Create | Villager (Male) |
| 27:14 | Build | Stone Wall |
| 27:33 | Build | House |
| 28:10 | Build | Market |
| 28:15 | Build | Market |
| 28:23 | Create | Villager (Male) |
| 28:44 | Build | Fish Trap |
| 28:58 | Build | Fish Trap |
| 29:02 | Build | House |
| 29:16 | Create | Villager (Male) |
| 29:24 | Build | House |
| 29:25 | Create | Villager (Male) |
| 29:48 | Build | House |
| 29:49 | Build | House |
| 30:12 | Build | Fish Trap |
| 30:16 | Build | Fish Trap |
| 30:19 | Build | Fish Trap |
| 30:19 | Build | Fish Trap |
| 30:24 | Create | Fishing Ship |
| 30:41 | Build | Farm |
| 30:44 | Build | Farm |
| 30:45 | Build | Farm |
| 30:50 | Create | Villager (Male) |
| 31:07 | Build | Fish Trap |
| 31:11 | Create | Fishing Ship |
| 31:14 | Create | Villager (Male) |
| 31:19 | Build | Farm |
| 31:32 | Build | Stone Wall |
| 31:48 | Build | Farm |
| 32:12 | Build | Blacksmith |
| 32:24 | Build | Fish Trap |
| 32:32 | Build | Stone Wall |
| 32:35 | Build | Stone Wall |
| 32:41 | Research | Castle Age |
| 32:41 | Research | Castle Age |
| 32:51 | Research | Gold Mining |
| 32:51 | Research | Gold Mining |
| 33:08 | Build | Stone Wall |
Build order — 灯笼
First 150 of 449 actions detected
| 0:03 | Create | Villager (Male) |
| 0:04 | Create | Villager (Male) |
| 0:05 | Build | House |
| 0:06 | Build | House |
| 0:13 | Create | Villager (Male) |
| 0:36 | Create | Villager (Male) |
| 0:37 | Create | Villager (Male) |
| 1:32 | Create | Villager (Male) |
| 1:32 | Create | Villager (Male) |
| 1:47 | Build | Lumber Camp |
| 1:51 | Create | Villager (Male) |
| 1:51 | Create | Villager (Male) |
| 2:21 | Create | Villager (Male) |
| 2:21 | Create | Villager (Male) |
| 2:22 | Create | Villager (Male) |
| 2:48 | Create | Villager (Male) |
| 2:48 | Create | Villager (Male) |
| 3:04 | Create | Villager (Male) |
| 3:04 | Create | Villager (Male) |
| 3:37 | Create | Villager (Male) |
| 3:37 | Create | Villager (Male) |
| 3:38 | Build | House |
| 3:52 | Create | Villager (Male) |
| 3:52 | Create | Villager (Male) |
| 4:25 | Create | Villager (Male) |
| 4:28 | Build | Dock |
| 4:51 | Create | Villager (Male) |
| 4:51 | Create | Villager (Male) |
| 5:10 | Create | Fishing Ship |
| 5:11 | Create | Fishing Ship |
| 5:14 | Create | Villager (Male) |
| 5:14 | Create | Villager (Male) |
| 5:14 | Create | Villager (Male) |
| 5:36 | Create | Fishing Ship |
| 5:37 | Create | Fishing Ship |
| 5:44 | Create | Villager (Male) |
| 5:45 | Create | Villager (Male) |
| 6:18 | Create | Villager (Male) |
| 6:18 | Create | Villager (Male) |
| 6:40 | Create | Fishing Ship |
| 6:46 | Build | House |
| 6:49 | Create | Villager (Male) |
| 7:12 | Create | Villager (Male) |
| 7:13 | Create | Villager (Male) |
| 7:13 | Create | Villager (Male) |
| 7:16 | Build | House |
| 7:19 | Create | Villager (Male) |
| 7:41 | Create | Fishing Ship |
| 8:07 | Create | Villager (Male) |
| 8:08 | Create | Villager (Male) |
| 8:16 | Build | Mill |
| 8:31 | Create | Villager (Male) |
| 9:02 | Create | Fishing Ship |
| 9:10 | Build | Mining Camp |
| 9:31 | Research | Feudal Age |
| 9:32 | Research | Feudal Age |
| 9:40 | Create | Fishing Ship |
| 9:40 | Create | Fishing Ship |
| 9:45 | Build | House |
| 10:21 | Create | Fishing Ship |
| 10:38 | Create | Villager (Male) |
| 10:38 | Create | Villager (Male) |
| 11:49 | Age | Feudal Age |
| 11:53 | Build | Blacksmith |
| 11:56 | Build | Market |
| 12:00 | Build | Fish Trap |
| 12:06 | Build | Fish Trap |
| 12:11 | Build | Fish Trap |
| 12:25 | Build | Fish Trap |
| 12:57 | Research | Castle Age |
| 12:57 | Research | Castle Age |
| 13:10 | Build | Fish Trap |
| 13:24 | Build | Fish Trap |
| 13:37 | Research | Double-Bit Axe |
| 13:37 | Research | Double-Bit Axe |
| 13:57 | Build | Fish Trap |
| 14:18 | Create | Fishing Ship |
| 14:40 | Build | House |
| 14:40 | Build | House |
| 14:43 | Create | Fishing Ship |
| 14:47 | Create | Villager (Male) |
| 15:06 | Build | Fish Trap |
| 15:13 | Create | Villager (Male) |
| 15:26 | Build | House |
| 15:37 | Age | Castle Age |
| 15:41 | Build | Town Center |
| 15:42 | Research | Tech 906 |
| 15:42 | Research | Tech 906 |
| 16:05 | Create | Villager (Male) |
| 16:12 | Build | Town Center |
| 16:18 | Build | House |
| 16:30 | Build | Fish Trap |
| 16:31 | Create | Villager (Male) |
| 16:31 | Create | Villager (Male) |
| 16:39 | Create | Villager (Male) |
| 16:49 | Create | Villager (Male) |
| 16:49 | Create | Villager (Male) |
| 16:58 | Build | Monastery |
| 17:12 | Create | Villager (Male) |
| 17:15 | Create | Villager (Male) |
| 17:15 | Create | Villager (Male) |
| 17:24 | Research | Bow Saw |
| 17:24 | Research | Bow Saw |
| 17:31 | Research | Wheelbarrow |
| 17:31 | Research | Wheelbarrow |
| 17:32 | Create | Villager (Male) |
| 17:33 | Create | Villager (Male) |
| 17:41 | Build | House |
| 17:43 | Create | Monk |
| 17:48 | Build | Farm |
| 17:50 | Build | Farm |
| 17:54 | Build | Farm |
| 17:54 | Create | Villager (Male) |
| 17:56 | Build | Farm |
| 18:00 | Create | Villager (Male) |
| 18:11 | Build | Farm |
| 18:16 | Build | Farm |
| 18:17 | Build | Farm |
| 18:21 | Build | Farm |
| 18:22 | Create | Villager (Male) |
| 18:26 | Build | Farm |
| 18:27 | Build | Farm |
| 18:29 | Build | Farm |
| 18:45 | Create | Villager (Male) |
| 18:45 | Create | Villager (Male) |
| 18:49 | Create | Villager (Male) |
| 18:56 | Create | Villager (Male) |
| 18:57 | Create | Villager (Male) |
| 18:57 | Create | Villager (Male) |
| 18:59 | Create | Villager (Male) |
| 19:09 | Build | Farm |
| 19:12 | Build | Farm |
| 19:14 | Build | Farm |
| 19:16 | Build | Farm |
| 19:16 | Create | Villager (Male) |
| 19:18 | Build | Farm |
| 19:20 | Build | Farm |
| 19:22 | Build | Farm |
| 19:25 | Build | Farm |
| 19:26 | Create | Villager (Male) |
| 19:26 | Create | Villager (Male) |
| 19:28 | Create | Villager (Male) |
| 19:41 | Build | Town Center |
| 19:45 | Build | Farm |
| 19:47 | Build | Farm |
| 19:51 | Build | Farm |
| 19:51 | Create | Villager (Male) |
| 19:56 | Create | Villager (Male) |
| 20:04 | Create | Villager (Male) |
| 20:10 | Build | Farm |
Build order — [QHB] Sigurd
First 150 of 692 actions detected
| 0:01 | Create | Villager (Male) |
| 0:01 | Create | Villager (Male) |
| 0:01 | Create | Villager (Male) |
| 0:02 | Build | House |
| 0:03 | Build | House |
| 0:11 | Create | Villager (Male) |
| 0:12 | Create | Villager (Male) |
| 1:21 | Create | Villager (Male) |
| 1:53 | Create | Villager (Male) |
| 1:54 | Create | Villager (Male) |
| 2:19 | Create | Villager (Male) |
| 2:19 | Create | Villager (Male) |
| 2:21 | Build | Lumber Camp |
| 2:40 | Create | Villager (Male) |
| 2:41 | Create | Villager (Male) |
| 2:57 | Create | Villager (Male) |
| 2:57 | Create | Villager (Male) |
| 3:14 | Build | House |
| 3:36 | Create | Villager (Male) |
| 3:36 | Create | Villager (Male) |
| 3:55 | Create | Villager (Male) |
| 3:55 | Create | Villager (Male) |
| 4:48 | Create | Villager (Male) |
| 4:48 | Create | Villager (Male) |
| 4:50 | Build | House |
| 5:16 | Create | Villager (Male) |
| 5:17 | Create | Villager (Male) |
| 5:28 | Create | Villager (Male) |
| 5:28 | Create | Villager (Male) |
| 5:32 | Create | Villager (Male) |
| 5:32 | Create | Villager (Male) |
| 5:39 | Create | Villager (Male) |
| 5:39 | Create | Villager (Male) |
| 6:09 | Create | Villager (Male) |
| 6:09 | Create | Villager (Male) |
| 6:09 | Create | Villager (Male) |
| 6:12 | Build | Mill |
| 6:38 | Create | Villager (Male) |
| 6:38 | Create | Villager (Male) |
| 7:14 | Create | Villager (Male) |
| 7:14 | Create | Villager (Male) |
| 7:16 | Create | Villager (Male) |
| 7:17 | Create | Villager (Male) |
| 7:19 | Create | Villager (Male) |
| 7:19 | Create | Villager (Male) |
| 7:19 | Create | Villager (Male) |
| 7:22 | Create | Villager (Male) |
| 7:56 | Create | Villager (Male) |
| 8:33 | Create | Villager (Male) |
| 8:33 | Create | Villager (Male) |
| 8:38 | Create | Villager (Male) |
| 8:38 | Create | Villager (Male) |
| 8:47 | Build | Mining Camp |
| 9:01 | Research | Feudal Age |
| 9:01 | Research | Feudal Age |
| 9:17 | Build | House |
| 9:50 | Create | Villager (Male) |
| 9:50 | Create | Villager (Male) |
| 11:12 | Age | Feudal Age |
| 11:14 | Build | Blacksmith |
| 11:16 | Build | Market |
| 11:34 | Build | Farm |
| 11:35 | Build | Farm |
| 11:37 | Build | Farm |
| 12:03 | Research | Castle Age |
| 12:03 | Research | Castle Age |
| 12:28 | Build | House |
| 13:05 | Research | Double-Bit Axe |
| 13:32 | Research | Horse Collar |
| 13:32 | Research | Horse Collar |
| 14:31 | Create | Villager (Male) |
| 14:43 | Age | Castle Age |
| 14:45 | Build | Town Center |
| 14:47 | Create | Villager (Male) |
| 14:49 | Build | Town Center |
| 15:29 | Build | Monastery |
| 15:34 | Create | Villager (Male) |
| 15:34 | Create | Villager (Male) |
| 15:39 | Build | House |
| 15:43 | Create | Villager (Male) |
| 15:44 | Create | Villager (Male) |
| 15:53 | Create | Villager (Male) |
| 16:09 | Build | Farm |
| 16:09 | Create | Villager (Male) |
| 16:09 | Create | Villager (Male) |
| 16:13 | Build | Farm |
| 16:13 | Create | Monk |
| 16:14 | Create | Monk |
| 16:33 | Create | Villager (Male) |
| 16:33 | Create | Villager (Male) |
| 16:40 | Build | Farm |
| 16:41 | Build | Farm |
| 16:42 | Create | Villager (Male) |
| 16:55 | Build | Farm |
| 17:00 | Build | Farm |
| 17:05 | Research | Loom |
| 17:05 | Research | Loom |
| 17:12 | Build | Farm |
| 17:13 | Create | Villager (Male) |
| 17:13 | Create | Villager (Male) |
| 17:18 | Create | Villager (Male) |
| 17:18 | Create | Villager (Male) |
| 17:20 | Build | Farm |
| 17:28 | Create | Villager (Male) |
| 17:28 | Create | Villager (Male) |
| 17:44 | Create | Villager (Male) |
| 17:44 | Create | Villager (Male) |
| 17:50 | Build | Farm |
| 17:54 | Build | Farm |
| 17:54 | Build | Farm |
| 17:57 | Create | Villager (Male) |
| 18:03 | Build | Farm |
| 18:13 | Create | Villager (Male) |
| 18:13 | Create | Villager (Male) |
| 18:17 | Create | Villager (Male) |
| 18:17 | Create | Villager (Male) |
| 18:22 | Build | Farm |
| 18:23 | Build | Farm |
| 18:25 | Create | Villager (Male) |
| 18:29 | Build | Farm |
| 18:34 | Create | Villager (Male) |
| 18:35 | Create | Villager (Male) |
| 18:40 | Create | Villager (Male) |
| 18:40 | Create | Villager (Male) |
| 18:51 | Create | Villager (Male) |
| 18:51 | Create | Villager (Male) |
| 19:02 | Build | Town Center |
| 19:03 | Create | Villager (Male) |
| 19:03 | Create | Villager (Male) |
| 19:09 | Create | Villager (Male) |
| 19:09 | Create | Villager (Male) |
| 19:13 | Build | House |
| 19:15 | Create | Villager (Male) |
| 19:23 | Build | Farm |
| 19:25 | Build | Farm |
| 19:27 | Research | Wheelbarrow |
| 19:27 | Research | Wheelbarrow |
| 19:38 | Create | Villager (Male) |
| 19:43 | Create | Villager (Male) |
| 19:43 | Create | Villager (Male) |
| 19:55 | Create | Villager (Male) |
| 19:55 | Create | Villager (Male) |
| 19:55 | Create | Villager (Male) |
| 20:10 | Create | Villager (Male) |
| 20:11 | Create | Villager (Male) |
| 20:11 | Create | Villager (Male) |
| 20:14 | Build | House |
| 20:16 | Build | Farm |
| 20:17 | Create | Villager (Male) |
| 20:18 | Create | Villager (Male) |
Match timeline
| 1:03 | Ceeelebrate · wall_segment Palisade Wall x17 |
| 1:09 | CristinaLover · wall_segment Palisade Wall x10 |
| 1:24 | Zacchaeus · wall_segment Palisade Wall x12 |
| 2:58 | Zacchaeus · wall_segment Palisade Wall x15 |
| 3:20 | 佐久奈·梅墨瓦 · first_building Dock |
| 4:11 | Zacchaeus · wall_segment Palisade Wall x6 |
| 4:28 | 灯笼 · first_building Dock |
| 4:33 | Ceeelebrate · wall_segment Palisade Wall x1 |
| 5:00 | Zacchaeus · wall_segment Palisade Wall x1 |
| 5:02 | Zacchaeus · wall_segment Palisade Wall x1 |
| 5:03 | Zacchaeus · wall_segment Palisade Wall x1 |
| 6:21 | CristinaLover · wall_segment Palisade Wall x1 |
| 6:21 | Zacchaeus · wall_segment Palisade Wall x1 |
| 6:22 | Zacchaeus · wall_segment Palisade Wall x1 |
| 6:24 | Zacchaeus · wall_segment Palisade Wall x1 |
| 6:27 | Zacchaeus · wall_segment Palisade Wall x1 |
| 6:45 | Zacchaeus · wall_segment Palisade Wall x1 |
| 6:47 | Zacchaeus · wall_segment Palisade Wall x2 |
| 7:07 | Ceeelebrate · wall_segment Palisade Wall x1 |
| 7:38 | Zacchaeus · wall_segment Palisade Wall x1 |
| 7:42 | Zacchaeus · wall_segment Palisade Wall x1 |
| 8:08 | Zacchaeus · wall_segment Palisade Wall x1 |
| 8:21 | CristinaLover · wall_segment Palisade Wall x1 |
| 8:43 | Ceeelebrate · wall_segment Palisade Wall x1 |
| 9:39 | Ceeelebrate · wall_segment Palisade Wall x1 |
| 9:40 | Zacchaeus · wall_segment Palisade Wall x1 |
| 9:44 | Ceeelebrate · wall_segment Palisade Wall x1 |
| 9:45 | wxj9966 · wall_segment Palisade Wall x5 |
| 9:51 | Ceeelebrate · wall_segment Palisade Wall x12 |
| 10:51 | wxj9966 · wall_segment Palisade Wall x7 |
| 10:53 | Ceeelebrate · wall_segment Palisade Wall x1 |
| 10:55 | Ceeelebrate · wall_segment Palisade Wall x11 |
| 11:12 | [QHB] Sigurd · age_up feudal |
| 11:19 | 佐久奈·梅墨瓦 · age_up feudal |
| 11:25 | wxj9966 · first_building Dock |
| 11:32 | Ceeelebrate · first_building Dock |
| 11:38 | megchelse · age_up feudal |
| 11:45 | Ceeelebrate · wall_segment Palisade Wall x1 |
| 11:46 | Ceeelebrate · wall_segment Palisade Wall x1 |
| 11:49 | 灯笼 · age_up feudal |
| 12:18 | Ceeelebrate · wall_segment Palisade Wall x1 |
| 12:27 | Zacchaeus · wall_segment Palisade Wall x1 |
| 12:28 | Zacchaeus · wall_segment Palisade Wall x1 |
| 12:32 | CristinaLover · age_up feudal |
| 12:52 | wxj9966 · wall_segment Palisade Wall x1 |
| 13:37 | Ceeelebrate · wall_segment Palisade Wall x1 |
| 13:44 | Zacchaeus · wall_segment Palisade Wall x1 |
| 14:07 | Zacchaeus · wall_segment Palisade Wall x1 |
| 14:37 | wxj9966 · wall_segment Palisade Wall x1 |
| 14:38 | 佐久奈·梅墨瓦 · age_up castle |
| 14:40 | CristinaLover · wall_segment Stone Wall x1 |
| 14:40 | wxj9966 · wall_segment Palisade Wall x9 |
| 14:42 | CristinaLover · wall_segment Stone Wall x2 |
| 14:43 | [QHB] Sigurd · age_up castle |
| 15:02 | wxj9966 · wall_segment Palisade Wall x5 |
| 15:23 | Zacchaeus · wall_segment Palisade Wall x1 |
| 15:29 | [QHB] Sigurd · first_building Monastery |
| 15:37 | 灯笼 · age_up castle |
| 15:45 | megchelse · age_up castle |
| 15:45 | Zacchaeus · wall_segment Palisade Wall x18 |
| 15:58 | wxj9966 · age_up feudal |
| 16:01 | 佐久奈·梅墨瓦 · first_building Siege Workshop |
| 16:08 | wxj9966 · wall_segment Stone Wall x1 |
| 16:27 | wxj9966 · wall_segment Stone Wall x8 |
| 16:30 | wxj9966 · wall_segment Stone Wall x1 |
| 16:58 | 灯笼 · first_building Monastery |
| 17:01 | wxj9966 · wall_segment Stone Wall x3 |
| 17:02 | wxj9966 · wall_segment Stone Wall x1 |
| 17:03 | wxj9966 · wall_segment Stone Wall x7 |
| 17:21 | megchelse · first_building Monastery |
| 17:31 | 佐久奈·梅墨瓦 · wall_segment Palisade Wall x1 |
| 17:31 | CristinaLover · age_up castle |
| 17:33 | 佐久奈·梅墨瓦 · wall_segment Palisade Wall x1 |
| 18:02 | Zacchaeus · first_building Dock |
| 18:36 | [QHB] Sigurd · first_market_buy 100 wood |
| 18:59 | CristinaLover · first_building Monastery |
| 19:27 | 灯笼 · first_market_buy 100 stone |
| 19:49 | Ceeelebrate · age_up feudal |
| 19:59 | CristinaLover · wall_segment Stone Wall x1 |
| 20:02 | wxj9966 · wall_segment Stone Wall x5 |
| 20:24 | Zacchaeus · wall_segment Palisade Wall x1 |
| 20:51 | wxj9966 · first_market_buy 100 wood |
| 20:54 | Zacchaeus · age_up feudal |
| 21:11 | 佐久奈·梅墨瓦 · first_building Monastery |
| 21:12 | Ceeelebrate · first_building Barracks |
| 21:24 | megchelse · first_market_buy 100 food |
| 21:27 | 佐久奈·梅墨瓦 · first_building Barracks |
| 21:46 | wxj9966 · age_up castle |
| 21:46 | Zacchaeus · wall_segment Stone Wall x13 |
| 22:01 | wxj9966 · wall_segment Stone Wall x6 |
| 23:24 | Ceeelebrate · age_up castle |
| 23:43 | 佐久奈·梅墨瓦 · first_building Stable |
| 23:53 | [QHB] Sigurd · first_building Siege Workshop |
| 24:15 | Ceeelebrate · first_market_buy 100 food |
| 24:50 | [QHB] Sigurd · first_building Barracks |
| 24:58 | 灯笼 · first_building Barracks |
| 25:15 | Ceeelebrate · first_building Castle |
| 25:33 | megchelse · first_building Siege Workshop |
| 25:38 | Zacchaeus · wall_segment Stone Wall x18 |
| 26:00 | [QHB] Sigurd · first_building Archery Range |
| 26:12 | 佐久奈·梅墨瓦 · first_building Archery Range |
| 26:22 | CristinaLover · first_building Castle |
| 26:40 | [QHB] Sigurd · first_building Stable |
| 26:57 | 灯笼 · first_building Archery Range |
| 27:14 | Zacchaeus · wall_segment Stone Wall x19 |
| 27:24 | [QHB] Sigurd · first_building Castle |
| 27:44 | wxj9966 · first_building Barracks |
| 27:59 | 灯笼 · age_up imperial |
| 28:29 | 佐久奈·梅墨瓦 · age_up imperial |
| 28:29 | wxj9966 · first_market_sell 100 wood |
| 28:32 | 灯笼 · first_building Siege Workshop |
| 28:42 | wxj9966 · first_building Siege Workshop |
| 29:04 | [QHB] Sigurd · first_market_sell 100 food |
| 29:06 | [QHB] Sigurd · age_up imperial |
| 29:12 | wxj9966 · first_building Castle |
| 29:41 | Zacchaeus · first_market_buy 100 food |
| 29:45 | wxj9966 · first_building Stable |
| 30:01 | CristinaLover · first_building Barracks |
| 30:03 | 佐久奈·梅墨瓦 · tribute_sent a jugador 2 |
| 30:03 | 佐久奈·梅墨瓦 · tribute_sent a jugador 3 |
| 30:03 | 佐久奈·梅墨瓦 · tribute_sent a jugador 4 |
| 30:03 | 佐久奈·梅墨瓦 · tribute_sent a jugador 5 |
| 30:03 | 佐久奈·梅墨瓦 · tribute_sent a jugador 6 |
| 30:03 | 佐久奈·梅墨瓦 · tribute_sent a jugador 7 |
| 30:03 | 佐久奈·梅墨瓦 · tribute_sent a jugador 8 |
| 30:10 | megchelse · age_up imperial |
| 30:14 | CristinaLover · age_up imperial |
| 30:32 | 佐久奈·梅墨瓦 · wall_segment Stone Wall x8 |
| 31:00 | 灯笼 · first_building Castle |
| 31:02 | CristinaLover · first_building Stable |
| 31:20 | 佐久奈·梅墨瓦 · wall_segment Stone Wall x9 |
| 31:21 | [QHB] Sigurd · tribute_sent a jugador 1 |
| 31:21 | [QHB] Sigurd · tribute_sent a jugador 2 |
| 31:21 | [QHB] Sigurd · tribute_sent a jugador 3 |
| 31:21 | [QHB] Sigurd · tribute_sent a jugador 4 |
| 31:21 | [QHB] Sigurd · tribute_sent a jugador 5 |
| 31:21 | [QHB] Sigurd · tribute_sent a jugador 6 |
| 31:21 | [QHB] Sigurd · tribute_sent a jugador 7 |
| 31:32 | Zacchaeus · wall_segment Stone Wall x17 |
| 32:02 | Zacchaeus · first_market_sell 100 wood |
| 32:28 | wxj9966 · age_up imperial |
| 32:32 | Zacchaeus · wall_segment Stone Wall x17 |
| 32:35 | Zacchaeus · wall_segment Stone Wall x1 |
| 33:01 | 佐久奈·梅墨瓦 · first_market_sell 500 wood |
| 33:08 | Zacchaeus · wall_segment Stone Wall x13 |
| 33:34 | Zacchaeus · wall_segment Stone Wall x20 |
| 33:38 | Zacchaeus · wall_segment Stone Wall x1 |
| 33:57 | 灯笼 · first_market_sell 500 wood |
| 33:59 | Ceeelebrate · age_up imperial |
| 34:10 | Ceeelebrate · first_building Siege Workshop |
| 34:46 | Zacchaeus · wall_segment Stone Wall x4 |
| 34:49 | Zacchaeus · wall_segment Stone Wall x1 |
| 34:55 | megchelse · first_building Castle |
| 34:56 | Zacchaeus · wall_segment Stone Wall x1 |
| 35:21 | Zacchaeus · age_up castle |
| 35:32 | Zacchaeus · first_building Barracks |
| 35:53 | CristinaLover · first_market_buy 100 stone |
| 36:11 | 灯笼 · first_building Stable |
| 36:22 | megchelse · first_building Barracks |
| 36:48 | Zacchaeus · resign |
| 37:58 | 佐久奈·梅墨瓦 · first_market_buy 500 stone |
| 38:03 | CristinaLover · first_market_sell 500 food |
[ AI ANALYSIS · 1 CREDIT ]
What really happened in this match?
Wolo.gg analyzes every decision: build order, eco, micro, common mistakes by bracket. Personalized analysis on WhatsApp or Discord in 30 seconds.
Civ guide
Persians
Perfil
Jugador #1065262